Unix NetHack Version 5.0.0-0 post-release - last build Jun 10 2026 00:39:30 (3ee93aec679c4c4259841fe613dc97188e26a321,branch:main).

Game began 2026-06-18 06:11:58, ended 2026-06-18 09:31:37.

FutureTim, lawful female human Valkyrie

   -------             --------                       #
   |......             |.......#                  ----|-----------
   |.....|             |......|                  #........[.+....|
   |.....|          @ #|......|                  #|...............##########
   |....)|        ###i#...>...|    -----         #|..............|         #
   |.....|###**####   #|.......##  |.."|         #----.-----------         #
   |.....-#           #|..(...| #  |...|##########    ##                   #
   ---|---            #-----.-- ###-....#   -.-  #     #                   #
      #               #     ##     -.-.-#  --.-- #     #                   #
      #                      ###    # ### --...--####)######               #
      #                        ### ###  ##...."..# #       #               #
      #                       #### ###   #--.."--          #               #
     ##      ----             #      #   # --.--          ###  #           ##
     #       |..|         ----.------.-- #  ---          -|-.--|--      ----.-
  ---|--     |..|         |".".........| #               |........######-.!..|
  |.....#####----#########.............-##               |.......|# #   |....|
  |^<..|                  |............|                 |.......|# #)##.....|
  |....|                  --------------                 |.......|#     |%._=|
  ------                                                 ---------#     ------

FutureTim the Woman-at-arms  St:18/10 Dx:10 Co:18 In:9 Wi:10 Ch:10  Lawful
Dlvl:10 $:10920 HP:104(104) Pw:28(28) AC:-1 Xp:11 T:12866 

Latest messages:
 Someone stole an uncursed scroll labeled GNIK SISI VLE.
 Someone stole an uncursed coral ring.
 Devourer is caught in a spider web.
 Someone stole an uncursed partly used candle.
 Someone stole an uncursed unicorn horn.
 Someone stole an uncursed potion of oil.
 Someone disarms your blessed rustproof long sword named Excalibur (weapon in right hand).
 She stole a blessed rustproof long sword named Excalibur.
 Someone stole an uncursed long wand.
 Someone stole an uncursed maple wand.
 You can move again.
 It steals a cursed +0 T-shirt!
 You attack thin air.
 What do you want to wear? [i or ?*] i
 The tengu vanishes!
 You hear someone searching.
 You finish your dressing maneuver.
 What do you want to wear? [*] i
 You are already wearing that!
 You hear someone searching.
 Wait!  There's something there you can't see!
 It pretends to be friendly.
 Someone stole an uncursed diamond ring.
 You attack thin air.
 The tengu vanishes!
 You swap places with the peaceful sasquatch.
 The tengu appears next to you!
 You see here a violet gem.
 You hear someone searching.
 You see here 25 rocks.
 You hear some noises in the distance.
 You hear some noises in the distance.
 The tengu appears close by!
 The tengu vanishes!
 You see here 25 rocks.
 You hear a nearby zap.
 The bolt of fire whizzes by you!
 You feel an unseen monster!
 It pretends to be friendly.
 It just misses!
 You begin bashing monsters with your bare hands.
 You hit it.
 Someone stole an uncursed blindfold.
 What do you want to wield? [- pV or ?*] w
 You don't have that object.
 What do you want to wield? [- pV or ?*] <enter>
 Never mind.
 Really quit without saving? [yn] (n) y
 Do you want your possessions identified? [ynq] (y) y
 Do you want to see your attributes? [ynq] (y) q

Inventory:
 Coins    ('$')
  $ - 10920 gold pieces
 Amulets  ('"')
  G - an uncursed amulet of life saving
 Weapons  (')')
  V - the blessed rustproof +2 Ogresmasher
 Armor    ('[')
  P - an uncursed rusty +0 pair of kicking boots (being worn)
  i - a blessed +2 gray dragon scale mail (being worn)
 Comestibles  ('%')
  f - an uncursed cram ration
  U - 3 uncursed fortune cookies
  H - 2 uncursed tripe rations
  h - 3 uncursed lizard corpses
 Scrolls  ('?')
  b - a blessed scroll of blank paper
  S - an uncursed scroll of blank paper
  I - 2 uncursed scrolls of create monster
  D - an uncursed scroll of destroy armor
  j - an uncursed scroll of enchant armor
  v - 4 uncursed scrolls of enchant weapon
  B - an uncursed scroll of remove curse
  E - an uncursed scroll of teleportation
 Potions  ('!')
  N - a blessed potion of acid
  t - an uncursed potion of full healing
  d - an uncursed potion of healing
  J - an uncursed potion of sleeping
  A - 3 uncursed potions of water
 Wands    ('/')
  R - a wand of slow monster (0:6)
  C - a wand of striking (0:7)
  Q - a wand of striking (0:0)
  s - a wand of teleportation (0:2)
 Tools    ('(')
  y - a bag of tricks (0:6)
  F - an uncursed bell
  p - a +0 pick-axe
  X - an uncursed partly used tallow candle

FutureTim the Valkyrie's attributes:

Background:
 You were a Woman-at-arms, a level 11 human Valkyrie.
 You were lawful, on a mission for Tyr
 who was opposed by Odin (neutral) and Loki (chaotic).
 You were right-handed.
 You were in the Dungeons of Doom, on level 10.
 You entered the dungeon 12866 turns ago.
 You had 13109 experience points, 6891 more were needed to attain level 12.

Basics:
 You had all 104 hit points.
 You had all 28 energy points (spell power).
 Your armor class was -1.
 Your wallet contained 10920 zorkmids.
 Autopickup was off.

Final Characteristics:
 Your strength was 18/10 (limit:18/100).
 Your dexterity was 10 (peak:14, limit:18).
 Your constitution was 18 (limit:18).
 Your intelligence was 9 (limit:18).
 Your wisdom was 10 (limit:18).
 Your charisma was 10 (limit:18).

Final Status:
 You weren't hungry.
 You were unencumbered.
 You were bare handed.
 You were unskilled in bare handed combat.

Final Attributes:
 You were piously aligned.
 You were magic-protected.
 You were cold resistant.
 You were stealthy.
 You were lucky.
 You survived.

Miscellaneous:
 You encountered 1 bones level.
 Total elapsed playing time was 3 hours, 19 minutes and 39 seconds.

Major events:
 Turn
    1: FutureTim the lawful human Valkyrie entered the dungeon
 1152: attained the rank of Skirmisher (level 3)
 1496: entered the Gnomish Mines
 2685: attained the rank of Fighter (level 6)
 3310: reached Mine Town
 3835: made her first wish - "blessed +2 gray dragon scale mail", got "a gray dragon scale mail"
 5413: was given Excalibur by the Lady of the Lake
 6967: attained the rank of Woman-at-arms (level 10)
 7931: entered the Bigroom
 8553: was bestowed with Mjollnir by Tyr
11714: was bestowed with Ogresmasher by Tyr
12866: quit

Spells:
 Name                 Level Category     Fail Retention
 healing                1   healing       60%   26%-50%

Skills:
 Fighting Skills
   bare handed combat [Unskilled]
   two weapon combat  [Unskilled]
   riding             [Unskilled]
 Weapon Skills
   dagger             [Basic]
   axe                [Unskilled]
   pick-axe           [Unskilled]
   short sword        [Unskilled]
   broadsword         [Unskilled]
   long sword         [Skilled]
   two-handed sword   [Unskilled]
   saber              [Unskilled]
   hammer             [Basic]
   quarterstaff       [Unskilled]
   polearms           [Unskilled]
   spear              [Expert]
   trident            [Unskilled]
   lance              [Unskilled]
   sling              [Unskilled]
 Spellcasting Skills
   attack spells      [Unskilled]
   escape spells      [Unskilled]

Voluntary challenges:
 Character rerolling was not enabled.
 You never genocided any monsters.
 You never polymorphed an object.
 You never changed form.
 You used 1 wish.
 You did not wish for any artifacts.
Achievements:
 You entered a shop.
 You attained the rank of Skirmisher.
 You entered the Gnomish Mines.
 You attained the rank of Fighter.
 You entered Minetown.
 You entered a temple.
 You attained the rank of Woman-at-arms.
 You entered the Big Room.

 The Dungeons of Doom: levels 1 to 15
    Level 1:
       A fountain, a sink.
    Level 2:
       A scroll shop.
    Level 3:
       A general store, some fountains.
    Level 4:
       Many fountains.
       Stairs down to The Gnomish Mines.
    Level 5:
    Level 6:
       Many fountains.
    Level 7:
       A fountain.
    Level 8:
       A fountain, a grave.
    Level 9:
       A fountain.
       Final resting place for
          unbowed24-Wiz-Hum-Mal-Neu, killed by a mumak.
    Level 10: <- You were here.
       An altar to Tyr.
    Level 11:
       Some shops, a sink.
    Level 12:
       A very big room.
    Level 13:
       An altar to Tyr, a throne.
       Summoned by the Norn.
    Level 14:
    Level 15:
       A throne.
 The Gnomish Mines: levels 5 to 9
    Level 5:
    Level 6:
    Level 7:
       Some shops, a temple and an altar, a fountain, a sink.
    Level 8:
    Level 9:


Vanquished creatures:
  a guard
  a ghost
  a giant mimic
  2 ogre tyrants
 an elven monarch
  a stalker
  a giant zombie
  2 wargs
  a small mimic
  a xan
  a quantum mechanic
  a troll
  a wood golem
  a freezing sphere
  a shocking sphere
  3 ochre jellies
  2 stone giants
 an elf mummy
  3 human mummies
  a cobra
  a carnivorous ape
  a leather golem
  2 Grey-elves
  a watchman
  2 amorous demons
  a chameleon
  2 giant beetles
  3 quivering blobs
  4 cockatrices
  2 winter wolf cubs
  a lynx
  2 leprechauns
 an orc-captain
  a mumak
  3 giant spiders
  2 scorpions
  3 horses
  2 ice vortices
  a black light
  2 vampire bats
  6 gnome rulers
  2 dwarf mummies
  a brown pudding
  2 rust monsters
  8 owlbears
  3 yetis
  2 gold golems
  a werewolf
  3 Green-elves
  4 lizards
  5 chickatrices
  a dog
  a housecat
  3 jaguars
  a blue jelly
  a gray unicorn
  a black unicorn
  a dust vortex
  a raven
  4 plains centaurs
  a snake
  3 human zombies
  2 rope golems
  2 Woodland-elves
  3 soldier ants
  a fire ant
 10 bugbears
  a quasit
  a wood nymph
  2 water nymphs
  2 Mordor orcs
 an Uruk-hai
 an orc shaman
  a rock piercer
  5 rock moles
  2 ponies
  2 fog clouds
  4 yellow lights
  a shrieker
 13 gnome leaders
  4 gnomish wizards
  a kobold mummy
  a gray ooze
  a barrow wight
  3 elf zombies
  a paper golem
  6 giant ants
  5 floating eyes
  a kitten
  5 dwarves
  2 homunculi
  a kobold shaman
  9 hill orcs
  4 rothes
  a centipede
  2 giant bats
  7 monkeys
  3 orc zombies
  a wererat
  7 iguanas
  7 killer bees
  5 acid blobs
  a coyote
  a gas spore
  a large kobold
 10 hobgoblins
  4 giant rats
  2 brown molds
  a yellow mold
  a green mold
 35 gnomes
  a gnome zombie
  3 geckos
 12 jackals
  a fox
  4 kobolds
  3 goblins
  3 sewer rats
 12 grid bugs
  a bat
  6 lichens
  2 kobold zombies
  9 newts
363 creatures vanquished.

No species were genocided or became extinct.

Farvel FutureTim the Valkyrie...

You quit in The Dungeons of Doom on dungeon level 10 with 54540 points,
and 10920 pieces of gold, after 12866 moves.
You were level 11 with a maximum of 104 hit points when you quit.

